 Dungeon Crawl Stone Soup version 0.31-a0-321-g19405a7a6a (webtiles) character file.

Game seed: 7735928843741691537

247 IdlyInterested the Trooper (level 5, -5/43 HPs)
             Began as a Demonspawn Gladiator on July 11, 2023.
             Killed by divine providence
             ... invoked by an orc priest
              (16 damage)
             ... on level 4 of the Dungeon on July 17, 2023.
             The game lasted 00:08:44 (2178 turns).

IdlyInterested the Trooper (Demonspawn Gladiator)   Turns: 2178, Time: 00:08:44

Health: -5/43      AC:  9    Str: 17    XL:     5   Next: 85%
Magic:  5/5        EV: 10    Int:  9    God:
Gold:   165        SH:  0    Dex: 14    Spells: 4/4 levels left

rFire   . . .        s - +1 whip (venom)
rCold   . . .        (no shield)
rNeg    . . .        x - +0 chain mail
rPois   .            c - +0 helmet
rElec   .            o - scarf {+Inv}
rCorr   .            (no gloves)
SInv    .            (no boots)
Will    .....        (no amulet) Stlth
                     (no ring)
HPRegen 0.27/turn    (no ring)
MPRegen 0.09/turn

%: no passive effects
@: no status effects
A: repulsion field 1, ignite blood 3
a: Evoke Invisibility


You were on level 4 of the Dungeon.
You visited 1 branch of the dungeon, and saw 4 of its levels.

You collected 165 gold pieces.

Inventory:

Hand Weapons
 a - a +0 flail
 l - a +0 dagger of electrocution
 s - a +1 whip of venom (weapon)
 y - a +2 vampiric whip
Missiles
 d - 5 throwing nets
 e - a javelin
 h - 34 stones (quivered)
 r - 2 atropa-tipped darts
 A - 14 poisoned darts
Armour
 c - a +0 helmet (worn)
 o - a scarf of invisibility (worn)
 x - a +0 chain mail (worn)
Jewellery
 g - a ring of wizardry
 k - an amulet of faith
Wands
 u - a wand of charming (5)
Scrolls
 b - a scroll of torment {unknown}
 f - a scroll of blinking
 m - a scroll of teleportation
 n - a scroll of fog
 q - a scroll of silence
Potions
 i - a potion of curing
 p - a potion of might {unknown}
 v - a potion of attraction {unknown}
 w - a potion of mutation {unknown}
 z - a potion of brilliance {unknown}


   Skills:
 * Level 4.7 Fighting
 + Level 4.0 Maces & Flails
 * Level 1.7 Throwing
 - Level 1.0 Armour
 - Level 2.6 Dodging
 - Level 1.0 Stealth
 - Level 1.0 Evocations


You had 4 spell levels left.
You didn't know any spells.
Your spell library contained the following spells:

 Spells                   Type           Power      Damage    Failure   Level
 Summon Small Mammal      Summ           0%         N/A       99%         1
 Call Canine Familiar     Summ           0%         N/A       100%        3
 Summon Guardian Golem    Hex/Summ       0%         N/A       100%        3
 Simulacrum               Ice/Necr       0%         N/A       100%        6
 Ozocubu's Refrigeration  Ice            0%         4d7       100%        7
 Polar Vortex             Ice            0%         N/A       100%        9


Dungeon Overview and Level Annotations

Branches:
Dungeon (4/15)
 Temple: D:4-7

Altars:
Xom

Annotations:
D:4 Eustachio


Innate Abilities, Weirdness & Mutations

You are surrounded by a mild repulsion field. (EV +2)
Your demonic aura causes all spilled blood to erupt in flames.


Message History

Eustachio growls, "To hell with you, honourless miscreant!"
Eustachio casts a spell.
You hit Sigmund.
Sigmund looks as sick as possible!
Sigmund is severely wounded.
Sigmund is engulfed in blazing flames.
You kill Sigmund!
Training target 1.0 for Evocations reached!
Your Fighting skill increases to level 4!
Your Maces & Flails skill increases to level 4!
Your Evocations skill increases to level 1!
You have reached level 5!
Your demonic ancestry asserts itself...
Your blood burns even hotter!
Aiming: Charm
Press: ? - help, Shift-Dir - straight line, f - orc warrior
Aim: an orc warrior, wielding a +0 mace and wearing a +0 plate armour (chance to affect: 50%)
The orc warrior resists with significant effort.
The white imp gestures at you. The puff of frost hits you!
You hear a sizzling sound!
The orc warrior unwields a +0 mace.
The orc warrior wields a +0 arbalest.
The orc warrior shoots a bolt.
The bolt hits you!
* * * LOW HITPOINT WARNING * * *
You hear a shout!
Unknown command.
Aiming: Charm
Press: ? - help, Shift-Dir - straight line, f/p - orc warrior
Aim: an orc warrior, wielding a +0 arbalest and wearing a +0 plate armour (chance to affect: 50%)
The orc warrior resists with significant effort.
An orc priest comes into view. It is wielding a +0 hand axe.
Unknown command.
Aiming: Charm
Press: ? - help, Shift-Dir - straight line, f - goblin, p - orc warrior
Aim: a goblin, wielding a +0 club (chance to affect: 68%)
The goblin is charmed.
The white imp gestures at you.
The puff of frost hits something!
The orc priest calls down the wrath of Beogh upon you.
Beogh smites you!
You die...

##########+####
#..............
#..............
####.......§..5...
..........@5.o...o
.......<.○°.g@....
.............r....
........).........
....#+###+########
... #+


You could see Eustachio, an orc warrior, an orc priest, a river rat (summoned),
2 white imps and a friendly goblin (charmed).

Vanquished Creatures
  Sigmund (D:4)
  A worm (D:3)
  8 dart slugs
  An orc (D:3)
  5 ball pythons
  6 endoplasms
  3 giant cockroaches
  2 goblins
  6 hobgoblins
  5 jackals (D:1)
  12 kobolds
  5 quokkas
  3 bats (D:2)
  3 frilled lizards
  2 rats
63 creatures vanquished.

Vanquished Creatures (others)
  A kobold (D:2)
1 creature vanquished.

Grand Total: 64 creatures vanquished

Notes
Turn   | Place    | Note
-------+----------+-------------------------------------------
     0 | D:1      | IdlyInterested the Demonspawn Gladiator began the quest for
                  | the Orb.
     0 | D:1      | Reached XP level 1. HP: 16/16 MP: 1/1
   126 | D:1      | Gained mutation: Your demonic aura sometimes causes spilled
                  | blood to erupt in flames. [demonic ancestry]
   126 | D:1      | Reached XP level 2. HP: 17/22 MP: 2/2
   199 | D:1      | Reached skill level 1 in Armour
   357 | D:1      | Gained mutation: You are surrounded by a mild repulsion
                  | field. (EV +2) [demonic ancestry]
   357 | D:1      | Reached XP level 3. HP: 15/28 MP: 3/3
   561 | D:1      | Reached skill level 1 in Stealth
  1321 | D:3      | Gained mutation: Your demonic aura often causes spilled
                  | blood to erupt in flames. [demonic ancestry]
  1321 | D:3      | Reached XP level 4. HP: 35/35 MP: 4/4
  1440 | D:3      | Upgraded the game from 0.31-a0-237-g2d982f9f85 to
                  | 0.31-a0-321-g19405a7a6a
  1752 | D:3      | Found a shimmering altar of Xom.
  2168 | D:4      | Noticed Sigmund
  2171 | D:4      | Noticed Eustachio
  2171 | D:4      | Noticed an orc warrior
  2175 | D:4      | Killed Sigmund
  2176 | D:4      | Reached skill level 1 in Evocations
  2176 | D:4      | Gained mutation: Your demonic aura causes all spilled blood
                  | to erupt in flames. [demonic ancestry]
  2176 | D:4      | Reached XP level 5. HP: 33/43 MP: 5/5
  2178 | D:4      | Killed from afar by an orc priest

Illustrated notes

Levels and vault maps discovered:
D:1:      dpeg_arrival_shelter, layout_basic
D:2:      layout_basic, serial_bayou_lagoon_a
D:3:      layout_basic, grunt_temple_overflow_open, chequers_big_river
D:4:      layout_gridville, uniq_sigmund, uniq_natasha, uniq_eustachio

Skill      XL: |  1  2  3  4 |
---------------+-------------+-----
Armour         | 1 |  1.0
Maces & Flails | 3 4 |  4.0
Stealth        | 1 |  1.0
Fighting       | 3 4 |  4.7
Evocations     | 1 |  1.0
Throwing       | |  1.7
Dodging        | |  2.6

Action                     |  1- 3 |  4- 6 || total
---------------------------+-------+-------++-------
  Melee: Flail             |   116 |       ||   116
         Whip              |    21 |    47 ||    68
         Punch             |     1 |       ||     1
  Evoke: Wand              |       |     3 ||     3
    Use: Scroll            |     4 |     1 ||     5
         Potion            |     1 |       ||     1
 Armour: Leather armour    |    29 |       ||    29
         Ring mail         |     3 |     3 ||     6
         Chain mail        |       |    13 ||    13
  Dodge: Dodged            |   131 |    18 ||   149

Table legend: (Time is in decaauts)
 A = Elapsed time spent in this place.
 B = Non-inter-level travel time spent in this place.
 C = Inter-level travel time spent in this place.
 D = Time resting spent in this place.
 E = Time spent auto-exploring this place.
 F = Levels seen in this place.
 G = Mean time per level.
                   A        B        C        D        E       F      G
               +--------+--------+--------+--------+--------+-----+--------+
         Total |   2223 |   2003 |    220 |    134 |   1177 |   4 |  555.8 |
       Dungeon |   2223 |   2003 |    220 |    134 |   1177 |   4 |  555.8 |
               +--------+--------+--------+--------+--------+-----+--------+

Top non-repeatable levels by time:
     D:1: 767 daAuts
     D:3: 764 daAuts
     D:2: 682 daAuts
     D:4: 9 daAuts
